 Dungeon Crawl Stone Soup version 0.19-a0-1025-g778f431 (webtiles) character file.

65 4thArraOfDagon the Chopper (level 3, -5/31 HPs)
             Began as a Minotaur Berserker on July 28, 2016.
             Was a Follower of Trog.
             Slain by a centaur (7 damage)
             ... on level 6 of the Dungeon.
             The game lasted 00:02:24 (424 turns).

4thArraOfDagon the Chopper (Minotaur Berserker)      Turns: 424, Time: 00:02:24

Health: -5/31      AC:  2    Str: 22    XL:     3   Next: 94%
Magic:  2/2        EV: 12    Int:  9    God:    Trog [*.....]
Gold:   98         SH:  0    Dex:  9    Spells: 0 memorised, 2 levels left

rFire  . . .     SeeInvis .     l - +0 war axe
rCold  . . .     Gourm    .     b - +0 animal skin
rNeg   . . .     Faith    .     (no shield)
rPois  .         Spirit   .     (helmet restricted)
rElec  .         Dismiss  .     (no cloak)
rCorr  .         Reflect  .     (no gloves)
SustAt .         Harm     .     (no boots)
MR     ++...                    o - amulet of rage
Stlth  +.........               (no ring)
                                (no ring)

@: brilliant, regenerating, very resistant to hostile enchantments, very
unstealthy
A: retaliatory headbutt, horns 2
a: Berserk, Burn Spellbooks, Renounce Religion, Evoke Berserk Rage


You were on level 6 of the Dungeon.
You worshipped Trog.
Trog was aware of your devotion.
You were not hungry.

You visited 1 branch of the dungeon, and saw 6 of its levels.

You collected 98 gold pieces.

Inventory:

Hand Weapons
 a - a +0 hand axe
 l - a +0 war axe (weapon)
Armour
 b - a +0 animal skin (worn)
Jewellery
 o - an amulet of rage (around neck)
Scrolls
 e - 2 scrolls of immolation {unknown}
 f - 3 scrolls of identify {unknown}
 g - a scroll of teleportation {unknown}
 h - a scroll of remove curse {unknown}
 i - a scroll of random uselessness {unknown}
 j - a scroll of enchant armour {unknown}
 n - a scroll of magic mapping {unknown}
 p - a scroll of blinking {unknown}
Potions
 k - a potion of cure mutation {unknown}
Comestibles
 c - 2 bread rations
 d - a meat ration


   Skills:
 - Level 3.6 Fighting
 * Level 5.2 Axes
 + Level 3.5 Armour
 - Level 2.1 Dodging


You had 2 spell levels left.
You didn't know any spells.

Dungeon Overview and Level Annotations

Branches:
Dungeon (6/15)             Temple (0/1) D:5

Altars:
Qazlal


Innate Abilities, Weirdness & Mutations

You reflexively headbutt those who attack you in melee.
You have a pair of horns on your head.


Message History

You feel resistant to hostile enchantments.
You feel quite a bit more hungry.
You can no longer call upon Trog for regeneration and protection from hostile enchantments.
Unknown command.
The centaur shoots an arrow.
The arrow hits you!
Unknown command.
The centaur unwields an uncursed shortbow.
The centaur hits you!
* * * LOW HITPOINT WARNING * * *
The centaur closely misses you.
Unknown command.
You hit the centaur.
The centaur is lightly wounded.
The centaur barely misses you. The centaur hits you!
* * * LOW HITPOINT WARNING * * *
Unknown command.
It was a potion of brilliance.
You feel clever all of a sudden. The centaur hits you!
You die...

?P.P.....P♣P♣P..P.P.P♣P
...........P.P......P.P
.......................
#..............##....
.###...............#...
$..c...(.........#....#
#....###(###..##.#....#
#.. #§g..§### #.#..#.#
# .#@....### #.......
#.c.._....# #......#
###.....#.###......#
#§...§#..##......#
###.####.........# #..
#..##......#
##....#######..# #....
#..# #...# ...


You could see a centaur and a gnoll.

Vanquished Creatures
  A crimson imp (D:5)
  2 dart slugs
  2 giant geckos
  4 orcs (D:3)
  2 jackals (D:1)
  4 kobolds
  A bat (D:1)
  3 goblins
  3 rats
22 creatures vanquished.

Notes
Turn   | Place    | Note
-------+----------+-------------------------------------------
     0 | D:1      | 4thArraOfDagon the Minotaur Berserker began the quest for the Orb.
     0 | D:1      | Reached XP level 1. HP: 19/19 MP: 0/0
    44 | D:1      | Reached skill level 4 in Axes
    45 | D:1      | Reached XP level 2. HP: 26/26 MP: 1/1
   222 | D:3      | Reached XP level 3. HP: 31/31 MP: 2/2
   228 | D:3      | Reached ** piety under Trog
   303 | D:5      | Entered Level 5 of the Dungeon
   319 | D:5      | Reached skill level 5 in Axes
   324 | D:5      | Found a staircase to the Ecumenical Temple.
   390 | D:6      | Noticed a centaur
   392 | D:6      | Noticed an ogre
   392 | D:6      | Noticed a big kobold
   393 | D:6      | Noticed a big kobold
   411 | D:6      | Found a stormy altar of Qazlal.
   416 | D:6      | Noticed a centaur
   423 | D:6      | HP: 1/31 [centaur (8)]
   424 | D:6      | Slain by a centaur

Vault maps used:
D:1:      minmay_arrival_glassed_features
D:2:      uniq_sigmund, uniq_iyjb, uniq_jessica, uniq_crazy_yiuf_cottage
D:3:      elyvilon_altar_3, lemuel_crystal_altar, kennysheep_generic_room_4
D:4:      nicolae_ossuary_entry_plus, grunt_decor_fettered, minmay_mini_jars,
          uniq_grinder, uniq_edmund
D:5:      amethyst_overflow_temple_binary, serial_shops, shop, first_bread
D:6:      kennysheep_housing_project, serial_shops, shop, grunt_qazlal_clouds

Skill      XL: |  1  2  3 |
---------------+----------+-----
Axes           | 4 5 |  5.2
Armour         | 3 |  3.5
Fighting       | |  3.6
Dodging        | |  2.1

Action                   || total
-------------------------++-------
Melee: Hand axe          ||    27
       Headbutt          ||     5
       War axe           ||     6
Invok: Berserk           ||     3
       Trog's Hand       ||     1
  Use: Potion            ||     4
  Eat: Beef jerky        ||     1
Armor: Animal skin       ||    10
Dodge: Dodged            ||    35
